| TOP OF THE 1ST |
|
Great Falls Voyagers batting - Pitching for Burlington Royals : LHP Butch Ott
|
|
Pitching: LHP Butch Ott
|
|
|
Batting: RHB Kasey Bland
|
0-0: Ball 1-0: Swinging Strike 1-1: Foul Ball, location: 2F 1-2: Strikes out looking
|
|
Batting: LHB Justin Stickney
|
0-0: Ball 1-0: DOUBLE (Line Drive, 89XD, EV 111.2 MPH)
|
|
Batting: RHB Mitch Cuadros
|
0-0: Ball 1-0: 2-RUN HOME RUN (Flyball, 7LD, EV 93.1 MPH), Distance : 338 ft
|
|
Batting: RHB Andy Cotton
|
0-0: Foul Ball, location: 2F 0-1: Ball 1-1: Fly out, F8 (Flyball, 8RS, EV 88.8 MPH)
|
|
Batting: SHB Ethan Villalobos
|
0-0: Ball 1-0: Swinging Strike 1-1: Called Strike 1-2: Ball 2-2: Ball 3-2: Base on Balls
|
|
Batting: SHB Jay Gagnon
|
0-0: Called Strike 0-1: Swinging Strike 0-2: Ball 1-2: Foul Ball, location: 2F 1-2: Ball 2-2: Foul Ball, location: 2F 2-2: Ball 3-2: Fly out, F9 (Flyball, 89D, EV 91.2 MPH)
|
| Top of the 1st over - 2 runs, 2 hits, 0 errors, 1 left on base; Great Falls 2 - Burlington 0 |
| BOTTOM OF THE 1ST |
|
Burlington Royals batting - Pitching for Great Falls Voyagers : RHP Dicky Goedhart
|
|
Pitching: RHP Dicky Goedhart
|
|
|
Batting: RHB Adam Krieger
|
0-0: Ground out 6-3 (Groundball, 6, EV 80.6 MPH)
|
|
Batting: RHB Nick Julien
|
0-0: Ball 1-0: Foul Ball, location: 2F 1-1: Called Strike 1-2: Strikes out swinging
|
|
Batting: RHB Phil Hamby
|
0-0: Called Strike 0-1: Ball 1-1: Called Strike 1-2: Ball 2-2: Strikes out swinging
|
| Bottom of the 1st over - 0 runs, 0 hits, 0 errors, 0 left on base; Great Falls 2 - Burlington 0 |
| TOP OF THE 2ND |
|
Great Falls Voyagers batting - Pitching for Burlington Royals : LHP Butch Ott
|
|
Pitching: RHP Chance Griffin
|
|
|
Batting: RHB Billy Grubbs
|
0-0: Ball 1-0: Ball 2-0: Called Strike 2-1: Ball 3-1: Base on Balls
|
|
Batting: RHB Vladmiri Nugaibekov
|
0-0: Foul Ball, location: 2F 0-1: Called Strike Billy Grubbs steals 2nd, throwing error, E2 Billy Grubbs to third 0-2: Ball 1-2: 2-RUN HOME RUN (Flyball, 89XD, EV 106.2 MPH), Distance : 409 ft
|
|
Batting: SHB Jose Romo
|
0-0: Ground out 5-3 (Groundball, 5, EV 83.8 MPH)
|
|
Batting: RHB Kasey Bland
|
0-0: SOLO HOME RUN (Flyball, 7D, EV 97.5 MPH), Distance : 384 ft
|
|
Batting: LHB Justin Stickney
|
0-0: Ball 1-0: Ball 2-0: Ball 3-0: Called Strike 3-1: Base on Balls
|
|
Batting: RHB Mitch Cuadros
|
0-0: Ball 1-0: SINGLE (Groundball, 6MD, EV 98.1 MPH) Justin Stickney to second
|
|
Pitching: RHP Kolenka Leschenya
|
|
|
Batting: RHB Andy Cotton
|
0-0: Swinging Strike 0-1: Ball 1-1: Foul Ball, location: 2F 1-2: Ball 2-2: Foul Ball, location: 2F 2-2: Foul Ball, location: 2F 2-2: Foul Ball, location: 2F 2-2: 3-RUN HOME RUN (Line Drive, 7D, EV 104.4 MPH), Distance : 395 ft
|
|
Batting: SHB Ethan Villalobos
|
0-0: Called Strike 0-1: Ball 1-1: SINGLE (Groundball, 34D, EV 98.8 MPH)
|
|
Batting: SHB Jay Gagnon
|
0-0: Ball 1-0: Ball 2-0: Swinging Strike 2-1: Foul Ball, location: 2F 2-2: Foul Ball, location: 2F 2-2: Ball 3-2: Base on Balls Ethan Villalobos to second
|
|
Pitching: RHP Nam Phong
|
|
|
Batting: RHB Billy Grubbs
|
0-0: Ball 1-0: Foul Ball, location: 2F 1-1: Swinging Strike 1-2: Foul Ball, location: 2F 1-2: Strikes out swinging
|
|
Batting: RHB Vladmiri Nugaibekov
|
0-0: Called Strike 0-1: Ball 1-1: DOUBLE (Line Drive, 78D, EV 110.0 MPH) Ethan Villalobos scores Jay Gagnon to third Runner from 3rd tries for Home, SAFE, throw by LF to home
|
|
Batting: SHB Jose Romo
|
0-0: Ball 1-0: Swinging Strike 1-1: Foul Ball, location: 2F 1-2: Ball 2-2: Strikes out swinging
|
| Top of the 2nd over - 8 runs, 6 hits, 1 error, 1 left on base; Great Falls 10 - Burlington 0 |
| BOTTOM OF THE 2ND |
|
Burlington Royals batting - Pitching for Great Falls Voyagers : RHP Dicky Goedhart
|
|
Batting: LHB Pablo Serrato
|
0-0: Ball 1-0: Foul Ball, location: 2F 1-1: Ball 2-1: Foul Ball, location: 2F 2-2: Ground out 4-3 (Groundball, 4D, EV 114.4 MPH)
|
|
Batting: RHB Chang-keun Baik
|
0-0: Ball 1-0: Foul Ball, location: 2F 1-1: Fly out, F8 (Line Drive, 8RD, EV 93.1 MPH)
|
|
Batting: SHB Danny Ballenger
|
0-0: Foul Ball, location: 2F 0-1: Ball 1-1: Ball 2-1: Ball 3-1: Base on Balls
|
|
Batting: RHB Bobby Matyas
|
0-0: Ball 1-0: Called Strike 1-1: Foul Ball, location: 2F 1-2: Ball 2-2: DOUBLE (Line Drive, 9LM, EV 104.4 MPH) Danny Ballenger to third
|
|
Batting: RHB Dave Saldana
|
0-0: Ball 1-0: Swinging Strike 1-1: Swinging Strike 1-2: Ground out U3 (Groundball, 3, EV 83.8 MPH)
|
| Bottom of the 2nd over - 0 runs, 1 hit, 0 errors, 2 left on base; Great Falls 10 - Burlington 0 |
| TOP OF THE 3RD |
|
Great Falls Voyagers batting - Pitching for Burlington Royals : RHP Nam Phong
|
|
Batting: RHB Kasey Bland
|
0-0: Ball 1-0: SINGLE (Groundball, 23, EV 71.9 MPH) (infield hit)
|
|
Pitching: LHP Brett Reed
|
|
|
Batting: LHB Justin Stickney
|
0-0: Ball 1-0: Called Strike 1-1: SINGLE (Line Drive, 7S, EV 103.1 MPH) Kasey Bland to second
|
|
Batting: RHB Mitch Cuadros
|
0-0: Foul Ball, location: 2F 0-1: Ball 1-1: Called Strike 1-2: Foul Ball, location: 2F 1-2: Ball 2-2: Foul Ball, location: 2F 2-2: Foul Ball, location: 2F 2-2: Ball 3-2: Grounds into double play, 4-6-3 (Groundball, 4, EV 89.4 MPH) Kasey Bland to third
|
|
Batting: RHB Andy Cotton
|
0-0: Ball 1-0: Ball 2-0: Ball 3-0: Called Strike 3-1: Ground out 6-3 (Groundball, 6, EV 90.6 MPH)
|
| Top of the 3rd over - 0 runs, 2 hits, 0 errors, 1 left on base; Great Falls 10 - Burlington 0 |
| BOTTOM OF THE 3RD |
|
Burlington Royals batting - Pitching for Great Falls Voyagers : RHP Dicky Goedhart
|
|
Batting: LHB Edgar Ortiz
|
0-0: Called Strike 0-1: Called Strike 0-2: Ball 1-2: Ball 2-2: Strikes out swinging
|
|
Batting: RHB Adam Krieger
|
0-0: Called Strike 0-1: Called Strike 0-2: Ball 1-2: Foul Ball, location: 2F 1-2: Strikes out swinging
|
|
Batting: RHB Nick Julien
|
0-0: Ball 1-0: Ball 2-0: Ball 3-0: Base on Balls
|
|
Batting: RHB Phil Hamby
|
0-0: Ball 1-0: Foul Ball, location: 2F 1-1: Foul Ball, location: 2F 1-2: Ball 2-2: Strikes out swinging
|
| Bottom of the 3rd over - 0 runs, 0 hits, 0 errors, 1 left on base; Great Falls 10 - Burlington 0 |
| TOP OF THE 4TH |
|
Great Falls Voyagers batting - Pitching for Burlington Royals : LHP Brett Reed
|
|
Batting: SHB Ethan Villalobos
|
0-0: Swinging Strike 0-1: Ball 1-1: Ball 2-1: Swinging Strike 2-2: SOLO HOME RUN (Flyball, 7D, EV 95.6 MPH), Distance : 367 ft
|
|
Pitching: RHP Jason Birge
|
|
|
Batting: SHB Jay Gagnon
|
0-0: Ball 1-0: Foul Ball, location: 2F 1-1: Ground out 1-3 (Groundball, P, EV 75.0 MPH)
|
|
Batting: RHB Billy Grubbs
|
0-0: Hit by Pitch
|
|
Batting: RHB Vladmiri Nugaibekov
|
0-0: DOUBLE (Flyball, 8RD, EV 106.9 MPH) Billy Grubbs to third
|
|
Batting: SHB Jose Romo
|
0-0: Ball 1-0: Ball 2-0: Ball 3-0: Base on Balls
|
|
Batting: RHB Kasey Bland
|
0-0: Called Strike 0-1: Fielders Choice at 2nd, 6-4 (Groundball, 6, EV 105.6 MPH) Billy Grubbs scores Vladmiri Nugaibekov to third
|
|
Batting: LHB Justin Stickney
|
0-0: Ball 1-0: Called Strike 1-1: Foul Ball, location: 2F 1-2: DOUBLE (Line Drive, 9LM, EV 111.9 MPH) Vladmiri Nugaibekov scores Kasey Bland to third Runner from 3rd tries for Home, SAFE, no throw by RF
|
|
Batting: RHB Mitch Cuadros
|
0-0: Ball 1-0: DOUBLE (Line Drive, 78D, EV 111.9 MPH) Justin Stickney scores
|
|
Pitching: RHP Vance Coen
|
|
|
Batting: RHB Andy Cotton
|
0-0: Ground out 4-3 (Groundball, 4, EV 88.1 MPH)
|
| Top of the 4th over - 5 runs, 4 hits, 0 errors, 1 left on base; Great Falls 15 - Burlington 0 |
| BOTTOM OF THE 4TH |
|
Burlington Royals batting - Pitching for Great Falls Voyagers : RHP Dicky Goedhart
|
|
Batting: LHB Pablo Serrato
|
0-0: Ball 1-0: Called Strike 1-1: Foul Ball, location: 2F 1-2: SINGLE (Line Drive, 8RS, EV 111.9 MPH)
|
|
Batting: RHB Chang-keun Baik
|
0-0: Ball 1-0: Swinging Strike 1-1: Foul Ball, location: 2F 1-2: Strikes out looking
|
|
Batting: SHB Danny Ballenger
|
0-0: Ball 1-0: Ball 2-0: Called Strike 2-1: Ball 3-1: Base on Balls Pablo Serrato to second
|
|
Batting: RHB Bobby Matyas
|
0-0: Fly out, F9 (Flyball, 9, EV 86.9 MPH)
|
|
Batting: RHB Dave Saldana
|
0-0: Ball 1-0: Ball 2-0: Ball 3-0: Called Strike 3-1: Fly out, F8 (Line Drive, 8RD, EV 85.6 MPH)
|
| Bottom of the 4th over - 0 runs, 1 hit, 0 errors, 2 left on base; Great Falls 15 - Burlington 0 |
| TOP OF THE 5TH |
|
Great Falls Voyagers batting - Pitching for Burlington Royals : RHP Vance Coen
|
|
Batting: SHB Ethan Villalobos
|
0-0: DOUBLE (Groundball, 3L, EV 110.0 MPH)
|
|
Batting: SHB Jay Gagnon
|
0-0: Ball 1-0: Ball Wild Pitch! Ethan Villalobos to third 2-0: Ball 3-0: Called Strike 3-1: Foul Ball, location: 2F 3-2: Foul Ball, location: 2F 3-2: Base on Balls
|
|
Batting: RHB Billy Grubbs
|
0-0: Swinging Strike 0-1: Ball 1-1: Called Strike 1-2: Fly out, F9 (Flyball, 9, EV 82.5 MPH)
|
|
Batting: RHB Vladmiri Nugaibekov
|
0-0: Fly out, F8 (Flyball, 8RD, EV 95.0 MPH) Runner from 3rd tags up, OUT at HOME! 8-2
|
| Top of the 5th over - 0 runs, 1 hit, 0 errors, 1 left on base; Great Falls 15 - Burlington 0 |
| BOTTOM OF THE 5TH |
|
Burlington Royals batting - Pitching for Great Falls Voyagers : RHP Dicky Goedhart
|
|
Batting: LHB Edgar Ortiz
|
0-0: Ball 1-0: Swinging Strike 1-1: Ball 2-1: Foul Ball, location: 2F 2-2: Strikes out swinging
|
|
Batting: RHB Adam Krieger
|
0-0: Called Strike 0-1: SINGLE (Line Drive, 6M, EV 97.5 MPH)
|
|
Batting: RHB Nick Julien
|
0-0: Called Strike 0-1: Ball Adam Krieger steals 2nd base 1-1: Ball 2-1: Swinging Strike 2-2: Ball 3-2: Strikes out looking
|
|
Batting: RHB Phil Hamby
|
0-0: Ground out 4-3 (Groundball, 13, EV 80.0 MPH)
|
| Bottom of the 5th over - 0 runs, 1 hit, 0 errors, 1 left on base; Great Falls 15 - Burlington 0 |
| TOP OF THE 6TH |
|
Great Falls Voyagers batting - Pitching for Burlington Royals : RHP Vance Coen
|
|
Batting: SHB Jose Romo
|
0-0: Called Strike 0-1: Ball 1-1: Ball 2-1: Fly out, F9 (Flyball, 9D, EV 98.8 MPH)
|
|
Batting: RHB Kasey Bland
|
0-0: Called Strike 0-1: Ball 1-1: Ball 2-1: Swinging Strike 2-2: Ground out 5-3 (Groundball, 56S, EV 83.8 MPH)
|
|
Batting: LHB Justin Stickney
|
0-0: Called Strike 0-1: Ball 1-1: Foul Ball, location: 2F 1-2: Foul Ball, location: 2F 1-2: Ball 2-2: Fly out, F9 (Flyball, 89XD, EV 101.2 MPH)
|
| Top of the 6th over - 0 runs, 0 hits, 0 errors, 0 left on base; Great Falls 15 - Burlington 0 |
| BOTTOM OF THE 6TH |
|
Burlington Royals batting - Pitching for Great Falls Voyagers : RHP Dicky Goedhart
|
|
Pitching: RHP Ivan Gaona
|
|
|
Batting: LHB Pablo Serrato
|
0-0: Called Strike 0-1: Ball 1-1: Ball 2-1: Ball 3-1: SINGLE (Groundball, 56D, EV 101.9 MPH)
|
|
Batting: RHB Chang-keun Baik
|
0-0: Ball 1-0: Called Strike 1-1: Foul Ball, location: 2F 1-2: Fielders Choice at 2nd, 1-4 (Groundball, 15S, EV 66.9 MPH)
|
|
Batting: SHB Danny Ballenger
|
0-0: Swinging Strike 0-1: Foul Ball, location: 2F 0-2: Ball 1-2: Strikes out swinging
|
|
Batting: RHB Bobby Matyas
|
0-0: Ball 1-0: Ball 2-0: Ball 3-0: Base on Balls Chang-keun Baik to second
|
|
Batting: RHB Dave Saldana
|
0-0: Ball 1-0: Ball 2-0: Ball 3-0: Called Strike 3-1: Base on Balls Chang-keun Baik to third Bobby Matyas to second
|
|
Batting: LHB Edgar Ortiz
|
0-0: Swinging Strike 0-1: Fly out, F8 (Flyball, 89D, EV 93.8 MPH)
|
| Bottom of the 6th over - 0 runs, 1 hit, 0 errors, 3 left on base; Great Falls 15 - Burlington 0 |
| TOP OF THE 7TH |
|
Great Falls Voyagers batting - Pitching for Burlington Royals : RHP Vance Coen
|
|
Batting: RHB Mitch Cuadros
|
0-0: Ball 1-0: Foul Ball, location: 2F 1-1: Ball 2-1: SINGLE (Line Drive, 4D, EV 105.0 MPH)
|
|
Batting: RHB Andy Cotton
|
0-0: Called Strike 0-1: Ball 1-1: Ball 2-1: SINGLE (Groundball, 5S, EV 70.6 MPH) (infield hit) Mitch Cuadros to second
|
|
Batting: SHB Ethan Villalobos
|
0-0: Ball 1-0: Ball 2-0: Called Strike 2-1: Foul Ball, location: 2F 2-2: Strikes out looking
|
|
Pitching: RHP Jason Conner
|
|
|
Batting: SHB Jay Gagnon
|
0-0: Ball 1-0: Foul Ball, location: 2F 1-1: Swinging Strike 1-2: Strikes out swinging
|
|
Batting: RHB Billy Grubbs
|
0-0: Swinging Strike 0-1: Ball Wild Pitch! Mitch Cuadros to third Andy Cotton to second 1-1: Called Strike 1-2: Foul Ball, location: 2F 1-2: Ball 2-2: Fly out, F9 (Flyball, 89S, EV 91.2 MPH)
|
| Top of the 7th over - 0 runs, 2 hits, 0 errors, 2 left on base; Great Falls 15 - Burlington 0 |
| BOTTOM OF THE 7TH |
|
Burlington Royals batting - Pitching for Great Falls Voyagers : RHP Ivan Gaona
|
|
Batting: RHB Adam Krieger
|
0-0: Ball 1-0: Ball 2-0: Fly out, F8 (Line Drive, 8RD, EV 91.2 MPH)
|
|
Batting: RHB Nick Julien
|
0-0: Ground out 4-3 (Groundball, 4, EV 101.2 MPH)
|
|
Pinch Hitting: RHB Carlos Santoni
|
0-0: Swinging Strike 0-1: Ball 1-1: Foul Ball, location: 2F 1-2: Foul Ball, location: 2F 1-2: Ground out 6-3 (Groundball, 6, EV 103.8 MPH)
|
| Bottom of the 7th over - 0 runs, 0 hits, 0 errors, 0 left on base; Great Falls 15 - Burlington 0 |
| TOP OF THE 8TH |
|
Great Falls Voyagers batting - Pitching for Burlington Royals : RHP Jason Conner
|
|
Now at 2B: Carlos Santoni
|
|
|
Batting: RHB Vladmiri Nugaibekov
|
0-0: Ball 1-0: Foul Ball, location: 2F 1-1: Ground out 1-3 (Groundball, 13S, EV 71.9 MPH)
|
|
Batting: SHB Jose Romo
|
0-0: Fly out, F8 (Flyball, 8RD, EV 94.4 MPH)
|
|
Batting: RHB Kasey Bland
|
0-0: Ball 1-0: Ground out 5-3 (Groundball, 56, EV 80.6 MPH)
|
| Top of the 8th over - 0 runs, 0 hits, 0 errors, 0 left on base; Great Falls 15 - Burlington 0 |
| BOTTOM OF THE 8TH |
|
Burlington Royals batting - Pitching for Great Falls Voyagers : RHP Ivan Gaona
|
|
Batting: LHB Pablo Serrato
|
0-0: Swinging Strike 0-1: Ball 1-1: Swinging Strike 1-2: Hit by Pitch
|
|
Pitching: LHP Yusufu Mustafa
|
|
|
Batting: RHB Chang-keun Baik
|
0-0: DOUBLE (Line Drive, 7LM, EV 96.2 MPH) Pablo Serrato to third
|
|
Batting: SHB Danny Ballenger
|
0-0: Ball 1-0: Foul Ball, location: 2F 1-1: Ball 2-1: DOUBLE (Line Drive, 3D, EV 98.1 MPH) Pablo Serrato scores Chang-keun Baik scores
|
|
Batting: RHB Bobby Matyas
|
0-0: Ball 1-0: Ball 2-0: Ground out 6-3 (Groundball, 6S, EV 86.2 MPH)
|
|
Batting: RHB Dave Saldana
|
0-0: SINGLE (Groundball, 6MD, EV 107.5 MPH) Danny Ballenger to third
|
|
Batting: LHB Edgar Ortiz
|
0-0: Foul Ball, location: 2F 0-1: Foul Ball, location: 2F 0-2: Strikes out swinging
|
|
Batting: RHB Adam Krieger
|
0-0: Called Strike 0-1: Ball 1-1: Foul Ball, location: 2F 1-2: Foul Ball, location: 2F 1-2: Foul Ball, location: 2F 1-2: Strikes out swinging
|
| Bottom of the 8th over - 2 runs, 3 hits, 0 errors, 2 left on base; Great Falls 15 - Burlington 2 |
| TOP OF THE 9TH |
|
Great Falls Voyagers batting - Pitching for Burlington Royals : RHP Jason Conner
|
|
Batting: LHB Justin Stickney
|
0-0: Ground out 3-1 (Groundball, 34S, EV 77.5 MPH)
|
|
Batting: RHB Mitch Cuadros
|
0-0: Called Strike 0-1: Ball 1-1: Ball 2-1: Foul Ball, location: 2F 2-2: Foul Ball, location: 2F 2-2: Ball 3-2: Base on Balls
|
|
Batting: RHB Andy Cotton
|
0-0: Foul Ball, location: 2F 0-1: Called Strike 0-2: Ball Wild Pitch! Mitch Cuadros to second 1-2: Ball 2-2: 2-RUN HOME RUN (Flyball, 7D, EV 99.4 MPH), Distance : 404 ft
|
|
Batting: SHB Ethan Villalobos
|
0-0: Fly out, F9 (Flyball, 89M, EV 86.9 MPH)
|
|
Batting: SHB Jay Gagnon
|
0-0: Called Strike 0-1: Ground out 3-1 (Groundball, 34S, EV 79.4 MPH)
|
| Top of the 9th over - 2 runs, 1 hit, 0 errors, 0 left on base; Great Falls 17 - Burlington 2 |
| BOTTOM OF THE 9TH |
|
Burlington Royals batting - Pitching for Great Falls Voyagers : LHP Yusufu Mustafa
|
|
Batting: RHB Nick Julien
|
0-0: Foul Ball, location: 2F 0-1: Swinging Strike 0-2: Ball 1-2: Foul Ball, location: 2F 1-2: Strikes out swinging
|
|
Batting: RHB Carlos Santoni
|
0-0: Called Strike 0-1: Ball 1-1: Ball 2-1: Foul Ball, location: 2F 2-2: Foul Ball, location: 2F 2-2: Foul Ball, location: 2F 2-2: Ground out 5-3 (Groundball, 5L, EV 102.5 MPH)
|
|
Batting: LHB Pablo Serrato
|
0-0: Foul Ball, location: 2F 0-1: Called Strike 0-2: Foul Ball, location: 2F 0-2: Foul Ball, location: 2F 0-2: Strikes out swinging
|
| Bottom of the 9th over - 0 runs, 0 hits, 0 errors, 0 left on base; Great Falls 17 - Burlington 2 |
|